 Dungeon Crawl Stone Soup version 0.24.0-13-gcf9b319 (webtiles) character file.

Game seed: 9847425294645651597, levelgen mode: deterministic

74 Fang the Skirmisher (level 4, 0/29 HPs)
             Began as a Gargoyle Berserker on Dec 3, 2019.
             Was a Believer of Trog.
             Slain by an orc (2 damage)
             ... on level 3 of the Dungeon.
             The game lasted 00:01:22 (1883 turns).

Fang the Skirmisher (Gargoyle Berserker)            Turns: 1883, Time: 00:01:23

Health: 0/29       AC:  5    Str: 21    XL:     4   Next: 30%
Magic:  4/4        EV: 12    Int:  8    God:    Trog [**....]
Gold:   107        SH:  0    Dex:  9    Spells: 3/3 levels left

rFire    + . .     SeeInvis .   a - +0 hand axe
rCold    . . .     Gourm    .   (no shield)
rNeg     + . .     Faith    .   b - +0 animal skin
rPois    ∞         Spirit   .   (no helmet)
rElec    +         Reflect  .   (no cloak)
rCorr    .         Harm     .   (no gloves)
MR       .....     Rnd*Tele +   (no boots)
Stlth    +.........             (no amulet)
HPRegen  0.09/turn              j - ring of teleportation (curse)
MPRegen  0.09/turn              d - ring of protection from fire

@: no status effects
A: negative energy resistance 1, electricity resistance, unbreathing,
petrification resistance, rot immunity, AC +3
a: Berserk, Trog's Hand, Renounce Religion


You were on level 3 of the Dungeon.
You worshipped Trog.
Trog was pleased with you.
You were very hungry.

You visited 1 branch of the dungeon, and saw 3 of its levels.

You collected 107 gold pieces.

Inventory:

Hand Weapons
 a - a +0 hand axe (weapon)
Armour
 b - a +0 animal skin (worn)
Jewellery
 d - a ring of protection from fire (right hand)
 j - a cursed ring of teleportation (left hand)
Scrolls
 g - a scroll of identify
 k - a scroll of teleportation
 l - a scroll of blinking {unknown}
 o - a scroll of remove curse {unknown}
Potions
 e - 3 potions of lignification {unknown}
 f - a potion of heal wounds
 h - 2 potions of mutation {unknown}
 i - a potion of curing {unknown}
 m - 2 potions of haste {unknown}
 n - a potion of degeneration {unknown}
Comestibles
 c - 6 rations


   Skills:
 + Level 3.9 Fighting
 + Level 3.2 Axes
 + Level 3.0 Armour
 + Level 2.2 Dodging


You had 3 spell levels left.
You didn't know any spells.
Your spell library was empty.

Dungeon Overview and Level Annotations

Branches:
Dungeon (3/15)

Altars:
Dithmenos
Zin


Innate Abilities, Weirdness & Mutations

You are resistant to torment.
Your stone body is resilient. (AC +3)
You are immune to poison.
You resist negative energy. (rN+)
You are resistant to electric shocks. (rElec)
You can survive without breathing.
You are immune to petrification.
You are immune to rotting.


Message History

The orc is severely wounded.
The orc hits you but does no damage.
You barely miss the orc.
The orc is severely wounded.
The orc misses you.
You hit the orc but do no damage.
The orc is severely wounded.
The orc hits you.
* * * LOW HITPOINT WARNING * * *
You barely miss the orc.
The orc is severely wounded.
The orc hits you.
* * * LOW HITPOINT WARNING * * *
You hit the orc but do no damage.
The orc is severely wounded.
The orc misses you.
You hit the orc.
The orc is almost dead.
The orc hits you.
You die...

#..........
#.........#
#...##..###
#....#..#
#.^#.#.)#
#..#.#..#
#.......#
####.####
#@# #o#
##o#
#..####
#.#..o#
#..###.#
#.## #..
#.# ....
#.# o.o..


You could see 2 orcs.

Vanquished Creatures
  2 adders (D:2)
  4 worms
  3 dart slugs
  2 leopard geckos (D:1)
  3 orcs (D:3)
  A giant cockroach (D:2)
  2 goblins (D:2)
  5 hobgoblins
  5 bats
  4 frilled lizards
  3 kobolds
  3 rats (D:1)
37 creatures vanquished.

Notes
Turn   | Place    | Note
-------+----------+-------------------------------------------
     0 | D:1      | Fang the Gargoyle Berserker began the quest for the Orb.
     0 | D:1      | Reached XP level 1. HP: 14/14 MP: 1/1
   231 | D:1      | Reached XP level 2. HP: 19/19 MP: 2/2
   677 | D:2      | Reached XP level 3. HP: 18/24 MP: 3/3
  1041 | D:2      | Found a glowing silver altar of Zin.
  1243 | D:2      | Found a shadowy altar of Dithmenos.
  1290 | D:2      | Reached ** piety under Trog
  1311 | D:2      | Reached XP level 4. HP: 28/29 MP: 4/4
  1883 | D:3      | Slain by an orc

Levels and vault maps discovered:
D:1:      nicolae_arrival_memento_mori, layout_loops_ring
D:2:      layout_basic, lemuel_round_altar, grunt_dithmenos_smoke_and_mirrors,
          first_ration, serial_forest, infiniplex_forest_zigzag_1,
          infiniplex_forest_lined_4_way, infiniplex_forest_end_2,
          infiniplex_forest_lined_room_, infiniplex_forest_lined_room_,
          infiniplex_forest_end_1, infiniplex_forest_clump_long,
          infiniplex_forest_clump_long, minmay_fractal_squares_5
D:3:      layout_loops_cross

Skill      XL: |  1  2  3  4 |
---------------+-------------+-----
Axes           | 3 |  3.2
Dodging        | 2 |  2.2
Armour         | 3 |  3.0
Fighting       | |  3.9

Action                   |  1- 3 |  4- 6 || total
-------------------------+-------+-------++-------
Melee: Hand axe          |   115 |    54 ||   169
Invok: Berserk           |     1 |       ||     1
       Trog's Hand       |       |     1 ||     1
  Use: Scroll            |     2 |     1 ||     3
 Stab: Sleeping          |     1 |       ||     1
  Eat: Chunk             |     2 |     1 ||     3
Armor: Animal skin       |    45 |     8 ||    53
Dodge: Dodged            |    73 |    28 ||   101
